 Dungeon Sprint DCSS version 0.31-a0-277-g31ea1f65cc (webtiles) character file.

Game seed: 2556843553106039564

1414 boopmooplesden the Fighter (level 8, -17/77 HPs)
             Began as a Demonspawn Berserker on July 15, 2023.
             Was a High Priest of Trog.
             Demolished by a polar bear (23 damage)
             ... in the Dungeon (Sprint II: "The Violet Keep of Menkaure").
             The game lasted 00:02:10 (983 turns).

boopmooplesden the Fighter (Demonspawn Berserker)    Turns: 983, Time: 00:02:11

Health: -17/77     AC:  7    Str: 19    XL:     8   Next: 43%
Magic:  8/8        EV: 12    Int:  9    God:    Trog [*****.]
Gold:   414        SH:  9    Dex: 13    Spells: 7/7 levels left

rFire   . . .        a - +0 spear
rCold   . . .        k - +2 kite shield
rNeg    . . .        b - +0 animal skin
rPois   .            (no helmet)
rElec   .            j - +1 cloak {Will+}
rCorr   .            (no gloves)
SInv    .            (no boots)
Will    +....        (no amulet)
Stlth   +            (no ring)
HPRegen 0.32/turn    (no ring)
MPRegen 0.22/turn

%: no teleportation
@: on berserk cooldown, slowed, very slow
A: hooves 1, thin metallic scales 2, magic regeneration
a: Renounce Religion, Berserk, Trog's Hand, Brothers in Arms


You were in the Dungeon.
You worshipped Trog.
Trog was extremely pleased with you.
You visited 1 branch You collected 729 gold pieces.
You spent 315 gold pieces at shops.

Inventory:

Hand Weapons
 a - a +0 spear (weapon)
Armour
 b - a +0 animal skin (worn)
 j - a +1 cloak of willpower (worn)
 k - a +2 kite shield (worn)
Scrolls
 h - a scroll of blinking
Potions
 c - a potion of curing
 d - a potion of heal wounds
 e - a potion of haste
 f - 2 potions of magic
 g - a potion of berserk rage
 i - a potion of lignification {unknown}


   Skills:
 + Level 12.3 Fighting
 + Level 11.4 Polearms
 + Level 5.1 Armour
 + Level 5.9 Dodging
 + Level 0.4 Stealth
 + Level 0.8 Shields


You had 7 spell levels left.
You didn't know any spells.
Your spell library was empty.

Dungeon Overview and Level Annotations

Branches:
Dungeon (1/1)

Altars:
Cheibriados
Dithmenos
Fedhas
Gozag
Hepliaklqana
Kikubaaqudgha
Makhleb
Qazlal
Ru
Sif Muna
Trog
Wu Jian
Xom
Yredelemnul
Jiyva
Lugonu

Shops:
D :=:[![?!?![([=*

Annotations:
D exclusion: oklob plant, Roxanne


Innate Abilities, Weirdness & Mutations

You have large cloven feet.
You are mostly covered in thin metallic scales. (AC +3)
You regenerate magic rapidly.


Message History

You kill the hornet!
Trog accepts your kill.
Trog will now gift you melee weapons as you gain piety.
Your Fighting skill increases to level 12!
You block the polar bear's attack. The polar bear claws you.
You block the polar bear's attack.
The yaktaur wields a +2 arbalest of flaming.
It bursts into flame!
The yaktaur shoots a bolt.
The bolt closely misses you.
You see here a polar bear corpse.
You barely miss the polar bear. You kick the polar bear.
The polar bear is lightly wounded.
You puncture the polar bear! You kick the polar bear.
The polar bear is moderately wounded.
The polar bear bites you! You block the polar bear's attack.
The polar bear claws you but does no damage.
The yaktaur shoots a bolt.
The bolt hits you. The bolt burns you.
You puncture the polar bear! Your kick misses the polar bear.
The polar bear is severely wounded.
You hit the polar bear. You kick the polar bear.
The polar bear is almost dead.
You are no longer berserk.
You are exhausted.
You feel yourself slow down.
The polar bear goes berserk!
The yaktaur shoots a bolt.
You block the bolt.
You hit the polar bear but do no damage.
You kick the polar bear, but do no damage.
The polar bear is almost dead.
The polar bear completely misses you. The polar bear claws you.
You block the polar bear's attack.
The yaktaur shoots a bolt.
The bolt hits you!!
* * * LOW HITPOINT WARNING * * *
The bolt burns you.
* * * LOW HITPOINT WARNING * * *
You hit the polar bear but do no damage.
You kick the polar bear.
The polar bear is almost dead.
The polar bear barely misses you.
The polar bear claws you but does no damage.
You block the polar bear's attack. The polar bear bites you!!
You die...

##.. .##.#### +.### ..
...# ...#### B ###..##
#.^##.# ###.##..#
+.^#.c# ##.#.#..#
#..#h.#
.'###'..####..##@# )
##.#.#...§###.^.##▓▓▓▓
###.##..§...~~~~~~~~~~~
#####~~.§...~#+########
#.#~~~§§§~..~#.._.....#
†##~§§~§~§~.~#._._....#
##~~§≈§≈~§~~~#_._._...#
~~~~§§§§≈≈§~~#._._._..#
+++#~≈§≈≈≈§§§#_._._._.#


You could see a polar bear (berserk) and a yaktaur.

Vanquished Creatures
  A hornet (D)
  2 polar bears (D)
  2 wyverns (D)
  Menkaure (D)
  A water moccasin (D)
  4 necrophages (D)
  A hell rat (D)
  3 worms (D)
15 creatures vanquished.

Notes
Turn   | Place    | Note
-------+----------+-------------------------------------------
     0 | D        | boopmooplesden the Demonspawn Berserker began the quest for
                  | the Orb.
     0 | D        | Reached XP level 1. HP: 18/18 MP: 1/1
     1 | D        | Noticed a necrophage
     1 | D        | Noticed a necrophage
     1 | D        | Noticed a necrophage
     1 | D        | Noticed a necrophage
     6 | D        | Killed a necrophage
     7 | D        | Reached skill level 5 in Fighting
     7 | D        | Reached skill level 5 in Polearms
     7 | D        | Gained mutation: You are partially covered in thin metallic
                  | scales. (AC +2) [demonic ancestry]
     7 | D        | Reached XP level 2. HP: 27/27 MP: 2/2
     7 | D        | Gained mutation: You have large cloven feet. [demonic
                  | ancestry]
     7 | D        | Reached XP level 3. HP: 33/33 MP: 3/3
    10 | D        | Killed a necrophage
    11 | D        | Reached skill level 6 in Fighting
    11 | D        | Gained mutation: You regenerate magic rapidly. [demonic
                  | ancestry]
    11 | D        | Reached XP level 4. HP: 41/41 MP: 4/4
    16 | D        | Killed a necrophage
    16 | D        | Reached ** piety under Trog
    17 | D        | Reached skill level 7 in Fighting
    17 | D        | Reached XP level 5. HP: 45/49 MP: 5/5
    23 | D        | Reached skill level 8 in Fighting
   208 | D        | Noticed a boulder beetle
   208 | D        | Noticed a boulder beetle
   232 | D        | Reached *** piety under Trog
   388 | D        | Noticed Roxanne
   408 | D        | Noticed a wyvern
   408 | D        | Noticed a wyvern
   414 | D        | Killed a wyvern
   415 | D        | Reached skill level 9 in Fighting
   415 | D        | Reached XP level 6. HP: 59/59 MP: 6/6
   424 | D        | Killed a wyvern
   425 | D        | Reached skill level 10 in Fighting
   425 | D        | Reached XP level 7. HP: 45/66 MP: 7/7
   456 | D        | Found Ibiegib's Antique Armour Shop.
   456 | D        | Found Qoloeqo's Distillery.
   456 | D        | Found Edwit's Armour Boutique.
   456 | D        | Found Zunt's Magic Scroll Shop.
   472 | D        | Reached skill level 5 in Dodging
   472 | D        | Found Kiera's General Store.
   472 | D        | Found Rurphunlo's Antique Weapon Shop.
   472 | D        | Found Muonyish's Distillery.
   669 | D        | Found Poxaz's Jewellery Boutique.
   669 | D        | Found Ziwi's Magic Scroll Shop.
   669 | D        | Found Kashrua's Antique Armour Boutique.
   669 | D        | Noticed Menkaure
   689 | D        | Killed Menkaure
   689 | D        | Reached **** piety under Trog
   690 | D        | Reached skill level 11 in Fighting
   690 | D        | Reached skill level 10 in Polearms
   901 | D        | Found Riepot's Distillery.
   901 | D        | Found Kek Imam's Antique Armour Boutique.
   901 | D        | Noticed an oklob plant
   901 | D        | Noticed a slime creature
   902 | D        | Noticed a slime creature
   902 | D        | Found Pogeotah's Jewellery Shop.
   902 | D        | Found Bere's Book Boutique.
   902 | D        | Found Keczuma's Book Shoppe.
   902 | D        | Noticed a slime creature
   906 | D        | Bought a runed cloak for 150 gold pieces
   907 | D        | Bought a +2 kite shield for 165 gold pieces
   918 | D        | Noticed a yak
   922 | D        | Noticed a yak
   923 | D        | Noticed a yak
   950 | D        | Found a stormy altar of Qazlal.
   950 | D        | Found an ornate altar of the Wu Jian Council.
   951 | D        | Found a hazy altar of Hepliaklqana.
   951 | D        | Found a sacrificial altar of Ru.
   952 | D        | Found a viscous altar of Jiyva.
   952 | D        | Found a shimmering blue altar of Sif Muna.
   952 | D        | Found a shimmering altar of Xom.
   953 | D        | Found a snail-covered altar of Cheibriados.
   953 | D        | Found an ancient bone altar of Kikubaaqudgha.
   953 | D        | Found a bloodstained altar of Trog.
   953 | D        | Found a basalt altar of Yredelemnul.
   954 | D        | Found a shadowy altar of Dithmenos.
   954 | D        | Found a corrupted altar of Lugonu.
   955 | D        | Found a burning altar of Makhleb.
   956 | D        | Found a blossoming altar of Fedhas.
   957 | D        | Found an opulent altar of Gozag.
   957 | D        | Noticed a polar bear
   957 | D        | Noticed a polar bear
   958 | D        | Noticed a yaktaur
   959 | D        | Noticed a hornet
   961 | D        | Noticed a polar bear
   965 | D        | Killed a polar bear
   966 | D        | Reached skill level 5 in Armour
   966 | D        | Gained mutation: You are mostly covered in thin metallic
                  | scales. (AC +3) [demonic ancestry]
   966 | D        | Reached XP level 8. HP: 75/75 MP: 8/8
   969 | D        | Killed a polar bear
   976 | D        | Killed a hornet
   976 | D        | Reached ***** piety under Trog
   977 | D        | Reached skill level 12 in Fighting
   983 | D        | Demolished by a polar bear

Illustrated notes

Levels and vault maps discovered:
D:        the_violet_keep_of_menkaure [sprint2_stairs_cluster_1,
          sprint2_shoproom, sprint2_temple, sprint2_basic_supplies,
          sprint2_obstacle_6, sprint2_obstacle_7, sprint2_obstacle_4,
          sprint2_obstacle_5, sprint2_obstacle_2, sprint2_timed_cluster_1,
          sprint2_smallroom_cluster_1, sprint2_smallroom_final_cluster_1,
          sprint2_transparent_cluster_1, sprint2_second_timed_cluster_1,
          sprint2_sniper_area_1, sprint2_heavy_combat_area_1,
          sprint2_mutation_trap_area_1, sprint2_forest_area_1,
          sprint2_light_combat_area_1, sprint2_behind_water_1,
          sprint2_near_end_vault_1]

Skill      XL: |  1  2  3  4  5  6  7  8 |
---------------+-------------------------+-----
Fighting       | 5 6 7 9 10 11 12 | 12.3
Polearms       | 5 6 8 9 10 11 | 11.4
Armour         | 2 3 4 5 |  5.1
Dodging        | 2 3 4 5 |  5.9
Stealth        | |  0.4
Shields        | |  0.8

Action                     |  1- 3 |  4- 6 |  7- 9 || total
---------------------------+-------+-------+-------++-------
  Melee: Spear             |     7 |    45 |    51 ||   103
         Kick              |     2 |    19 |    14 ||    35
         Punch             |       |     1 |       ||     1
 Invoke: Berserk           |     1 |     1 |     1 ||     3
 Armour: Animal skin       |     1 |     3 |     8 ||    12
  Dodge: Dodged            |     4 |    11 |    20 ||    35
  Block: Kite shield       |       |       |    13 ||    13

Table legend: (Time is in decaauts)
 A = Elapsed time spent in this place.
 B = Non-inter-level travel time spent in this place.
 C = Inter-level travel time spent in this place.
 D = Time resting spent in this place.
 E = Time spent auto-exploring this place.
 F = Levels seen in this place.
 G = Mean time per level.
                   A        B        C        D        E       F      G
               +--------+--------+--------+--------+--------+-----+--------+
         Total |    972 |    972 |      0 |    763 |      0 |   1 |  972.0 |
       Dungeon |    972 |    972 |      0 |    763 |      0 |   1 |  972.0 |
               +--------+--------+--------+--------+--------+-----+--------+

Top non-repeatable levels by time:
       D: 972 daAuts
